 Dungeon Sprint DCSS version 0.28-a0-233-gb8ca4b6547 (webtiles) character file.

Game seed: 12473349992404726436

443 MikeHunt the Carver (level 7, -8/52 HPs)
             Began as a Barachi Fighter on Aug 22, 2021.
             Was a Follower of Okawaru.
             Mangled by a shadow wraith (13 damage)
             ... in the Dungeon (Sprint VII: "The Pits").
             The game lasted 00:04:11 (451 turns).

MikeHunt the Carver (Barachi Fighter)                Turns: 451, Time: 00:04:12

Health: -8/52      AC: 13    Str: 18    XL:     7   Next: 2%
Magic:  10/10      EV:  4    Int:  8    God:    Okawaru [*.....]
Gold:   0          SH: 11    Dex: 13    Spells: 6/6 levels left

rFire   . . .      SeeInvis .   l - +2 long sword (flame)
rCold   . . .      Faith    .   c - +0 kite shield
rNeg    . . .      Spirit   .   a - +2 plate armour
rPois   .          Reflect  .   (no helmet)
rElec   .          Harm     .   (no cloak)
rCorr   .          Rampage  .   (no gloves)
Will    .....      NoTele   +   (no boots)
Stlth   ..........              (no amulet)
HPRegen 0.17/turn               (no ring)
MPRegen 0.12/turn               (no ring)

@: slowed, very slow
A: amphibious, slowness 1, strong legs 1, +LOS
a: Hop, Renounce Religion, Heroism


You were in the Dungeon.
You worshipped Okawaru.
Okawaru was aware of your devotion.
You visited 1 branch

Inventory:

Hand Weapons
 l - a +2 long sword of flaming (weapon)
Armour
 a - a +2 plate armour (worn)
 b - a +0 scale mail
 c - a +0 kite shield (worn)
Scrolls
 j - a scroll of blinking
 k - a scroll of summoning
Potions
 d - a potion of might
 e - 6 potions of curing
 f - 5 potions of heal wounds
 g - a potion of haste
 h - 4 potions of magic
 i - 2 potions of invisibility


   Skills:
 - Level 3.6 Fighting
 + Level 11.3 Long Blades
 - Level 3.6 Armour
 + Level 10.8 Shields
 - Level 5.0 Invocations


You had 6 spell levels left.
You didn't know any spells.
Your spell library was empty.

Dungeon Overview and Level Annotations

Branches:
Dungeon (1/1)

Altars:
Ashenzari
Cheibriados
Dithmenos
Elyvilon
Fedhas
Gozag
Hepliaklqana
Kikubaaqudgha
Makhleb
Nemelex Xobeh
Okawaru
Qazlal
Ru
Sif Muna
Trog
Uskayaw
Vehumet
Wu Jian
Xom
Yredelemnul
Zin
The Shining One
Beogh
Jiyva
Lugonu


Innate Abilities, Weirdness & Mutations

You are amphibious.
You cover ground slowly.
You can hop short distances.
You have an extended range of vision and can be seen from far away.


Message History

You miss the crimson imp.
The crimson imp is lightly wounded.
The crimson imp grinds its teeth.
The crimson imp blinks!
You miss the crimson imp. You block the crimson imp's attack.
You barely miss the crimson imp.
The crimson imp shouts, "Flee, thou venomed toot-wallowing toady!"
The crimson imp hits you.
You hit the crimson imp.
The crimson imp is moderately wounded.
You barely miss the crimson imp.
The crimson imp is moderately wounded.
The crimson imp hits you but does no damage.
You slash the crimson imp!
You kill the crimson imp!
Okawaru accepts your kill.
You have reached level 7!
You see here a giant cockroach corpse.
There is an open door here.
You open the door.
Deactivating autopickup; reactivate with Ctrl-A.
You hit something but do no damage. Something hits you but does no damage.
You closely miss something. Something hits you but does no damage.
You hit something but do no damage. Something hits you!
Something drains your vigour!
You feel yourself slow down.
You slash something! You burn something. You block something's attack.
You hit something but do no damage. Something hits you!
Something hits you but does no damage.
You hit something. You burn something. Something hits you but does no damage.
You barely miss something. Something hits you!
* * * LOW HITPOINT WARNING * * *
Something drains your vigour!
You feel as though you will be slow longer.
You hit something but do no damage. Something hits you!
* * * LOW HITPOINT WARNING * * *
Something drains your vigour!
You feel as though you will be slow longer.
You block something's attack.
You hit something but do no damage. Something hits you!
You die...

#)#........##.......#
#)###########.......#
#.......# #########
#.###...# #.#.....#
#.#...#.#+#
#.....#†#.+
#...###.#{#
#.......@.#
###########


There were no monsters in sight!

Vanquished Creatures
  A floating eye (D)
  An orc warrior (D)
  A sky beast (D)
  A crimson imp (D)
  A hound (D)
  An orc priest (D)
  An orc wizard (D)
  2 adders (D)
  An ufetubus (D)
  An adder zombie (D)
  A worm (D)
  2 orcs (D)
  2 endoplasms (D)
  A giant cockroach (D)
  A frilled lizard (D)
  2 rats (D)
20 creatures vanquished.

Notes
Turn   | Place    | Note
-------+----------+-------------------------------------------
     0 | D        | MikeHunt the Barachi Fighter began the quest for the Orb.
     0 | D        | Reached XP level 1. HP: 18/18 MP: 1/1
    14 | D        | Reached skill level 3 in Long Blades
    36 | D        | Found a glowing golden altar of the Shining One.
    36 | D        | Found a glowing silver altar of Zin.
    36 | D        | Found a basalt altar of Yredelemnul.
    36 | D        | Found a shimmering altar of Xom.
    36 | D        | Found an ornate altar of the Wu Jian Council.
    36 | D        | Found a radiant altar of Vehumet.
    36 | D        | Found a bloodstained altar of Trog.
    36 | D        | Found a shimmering blue altar of Sif Muna.
    36 | D        | Found a sacrificial altar of Ru.
    36 | D        | Found a stormy altar of Qazlal.
    36 | D        | Found an iron altar of Okawaru.
    36 | D        | Found a sparkling altar of Nemelex Xobeh.
    36 | D        | Found a burning altar of Makhleb.
    36 | D        | Found a corrupted altar of Lugonu.
    36 | D        | Found a viscous altar of Jiyva.
    36 | D        | Found a hazy altar of Hepliaklqana.
    36 | D        | Found an opulent altar of Gozag.
    36 | D        | Found a blossoming altar of Fedhas.
    36 | D        | Found a white marble altar of Elyvilon.
    36 | D        | Found a shadowy altar of Dithmenos.
    36 | D        | Found a snail-covered altar of Cheibriados.
    38 | D        | Found an ancient bone altar of Kikubaaqudgha.
    38 | D        | Found a hide-covered altar of Uskayaw.
    38 | D        | Found a broken altar of Ashenzari.
    43 | D        | Became a worshipper of Warmaster Okawaru
    53 | D        | Noticed a floating eye
    56 | D        | Paralysed by a floating eye for 4 turns
    62 | D        | Paralysed by a floating eye for 2 turns
    65 | D        | Killed a floating eye
    65 | D        | Reached * piety under Okawaru
    66 | D        | Reached skill level 8 in Long Blades
    66 | D        | Reached XP level 2. HP: 24/24 MP: 2/2
    66 | D        | Reached XP level 3. HP: 29/29 MP: 3/3
    66 | D        | Reached XP level 4. HP: 36/36 MP: 4/4
   118 | D        | Reached XP level 5. HP: 39/41 MP: 5/5
   258 | D        | Noticed an orc warrior
   291 | D        | Killed an orc warrior
   292 | D        | Reached skill level 9 in Long Blades
   292 | D        | Reached XP level 6. HP: 38/47 MP: 2/8
   296 | D        | Noticed a sky beast
   298 | D        | Reached skill level 10 in Long Blades
   318 | D        | Reached skill level 10 in Shields
   327 | D        | Killed a sky beast
   328 | D        | Reached skill level 11 in Long Blades
   328 | D        | Reached skill level 5 in Invocations
   439 | D        | Reached XP level 7. HP: 48/52 MP: 10/10
   451 | D        | Mangled by a shadow wraith

Illustrated notes

Levels and vault maps discovered:
D:        pitsprint [storerooms_1, entrance_room_1, metal_vault_7, armoury_2,
          mini_pit_1, grid_room_1, main_hall_1, silver_pit, the_coven_3,
          the_vestibule_1, steel_vault_1, golden_pit, hallway_of_sentries,
          crystal_vault_5, iron_vault_3, final_vault]

Skill      XL: |  1  2  3  4  5  6 |
---------------+-------------------+-----
Long Blades    | 8 9 11 | 11.3
Shields        | 7 8 9 10 | 10.8
Invocations    | 3 5 |  5.0
Fighting       | |  3.6
Armour         | |  3.6

Action                   |  1- 3 |  4- 6 |  7- 9 || total
-------------------------+-------+-------+-------++-------
Melee: Long sword        |    11 |   122 |     9 ||   142
Invok: Heroism           |       |     2 |       ||     2
  Use: Potion            |     1 |     1 |       ||     2
Armor: Scale mail        |     4 |     5 |       ||     9
       Plate armour      |       |    36 |     4 ||    40
Dodge: Dodged            |     4 |    16 |       ||    20
Block: Kite shield       |     6 |    38 |     2 ||    46
       Rpst.: Long sword |     1 |     5 |       ||     6

Table legend: (Time is in decaauts)
 A = Elapsed time spent in this place.
 B = Non-inter-level travel time spent in this place.
 C = Inter-level travel time spent in this place.
 D = Time resting spent in this place.
 E = Time spent auto-exploring this place.
 F = Levels seen in this place.
 G = Mean time per level.
                   A        B        C        D        E       F      G
               +--------+--------+--------+--------+--------+-----+--------+
         Total |    485 |    485 |      0 |    142 |      0 |   1 |  485.0 |
       Dungeon |    485 |    485 |      0 |    142 |      0 |   1 |  485.0 |
               +--------+--------+--------+--------+--------+-----+--------+

Top non-repeatable levels by time:
       D: 485 daAuts
